 Dungeon Crawl Stone Soup version 0.30.1-11-g7821555f0a (webtiles) character file.

Game seed: 12499558830794845408

2706 fireball365 the Cleaver (level 9, -3/78 HPs)
             Began as a Hill Orc Fighter on Oct 28, 2023.
             Was an Initiate of Gozag.
             Slain by a troll (9 damage)
             ... on level 7 of the Dungeon.
             The game lasted 00:14:52 (7690 turns).

fireball365 the Cleaver (Hill Orc Fighter)          Turns: 7690, Time: 00:14:53

Health: -3/78      AC: 13    Str: 29    XL:     9   Next: 65%
Magic:  9/9        EV:  9    Int:  8    God:    Gozag
Gold:   814        SH:  0    Dex: 10    Spells: 8/8 levels left

rFire   x . .        L - +2 battleaxe (venom)
rCold   + . .        (shield currently unavailable)
rNeg    . . .        F - +0 chain mail
rPois   .            (no helmet)
rElec   .            x - +0 cloak {rCorr}
rCorr   +            I - +0 pair of gloves
SInv    .            (no boots)
Will    .....        (no amulet) Stlth
                     s - +6 ring of strength
HPRegen 0.33/turn    e - ring of ice
MPRegen 0.11/turn

%: no passive effects
@: lethally poisoned (-3 -> -4), gold aura
A: no striking features
a: Renounce Religion, Potion Petition, Call Merchant, Bribe Branch


You were on level 7 of the Dungeon.
You worshipped Gozag.
Gozag was pleased with you.
You visited 2 branches of the dungeon, and saw 8 of its levels.

You collected 869 gold pieces.
You paid 55 gold pieces to Gozag.

Inventory:

Hand Weapons
 a - a +0 war axe
 L - a +2 battleaxe of venom (weapon)
Missiles
 g - 14 boomerangs of dispersal
 k - 3 throwing nets (quivered)
 G - 13 poisoned darts
Armour
 c - a +0 buckler
 x - a +0 cloak of preservation (worn)
 A - the +5 ring mail of Midwinter {*Slow +Inv Int-3 SInv}
   (You found it on level 4 of the Dungeon)

   Int:       It affects your intelligence (-3).
   SInv:      It lets you see invisible.
   +Inv:      It lets you turn invisible.
   *Slow:     It may slow you when you take damage.
 F - a +0 chain mail (worn)
 I - a +0 pair of gloves (worn)
Jewellery
 e - a ring of ice (right hand)
 s - a +6 ring of strength (left hand)
 u - a ring of protection from cold
Wands
 i - a wand of flame (18)
 j - a wand of iceblast (9)
 E - a wand of polymorph (21)
Scrolls
 b - a scroll of fog {unknown}
 f - a scroll of enchant armour {unknown}
 p - 3 scrolls of blinking
 q - a scroll of immolation {unknown}
 r - 3 scrolls of noise
 v - 3 scrolls of teleportation
 y - 3 scrolls of amnesia
 B - 3 scrolls of enchant weapon
 J - 3 scrolls of poison
Potions
 d - 5 potions of might
 h - 3 potions of brilliance
 m - 3 potions of degeneration
 n - 2 potions of magic {unknown}
 o - a potion of invisibility
 w - a potion of lignification {unknown}
 z - a potion of attraction {unknown}
 C - a potion of flight
 D - 2 potions of heal wounds {unknown}
 H - a potion of haste {unknown}


   Skills:
 + Level 6.5 Fighting
 + Level 11.8 Axes
 + Level 7.9 Armour
 + Level 1.9 Dodging
 + Level 1.0 Stealth
 + Level 5.3 Shields
 + Level 0.2 Evocations


You had 8 spell levels left.
You didn't know any spells.
Your spell library contained the following spells:

 Spells                   Type           Power      Damage    Failure   Level
 Poisonous Vapours        Pois/Air       0%         N/A       94%         2
 Inner Flame              Hex/Fire       0%         N/A       99%         3
 Mephitic Cloud           Conj/Pois/Air  0%         N/A       99%         3
 Flame Wave               Conj/Fire      0%         2d4       100%        4
 Sticky Flame             Conj/Fire      0%         2d3       100%        4
 Freezing Cloud           Conj/Ice/Air   0%         6-21      100%        5
 Borgnjor's Revivificati  Necr           0%         N/A       100%        8
 Necromutation            Tmut/Necr      0%         N/A       100%        8
 Death's Door             Necr           0%         N/A       100%        9


Dungeon Overview and Level Annotations

Branches:
Dungeon (7/15)             Temple (1/1) D:4

Altars:
Ashenzari
Cheibriados
Dithmenos
Elyvilon
Fedhas
Gozag
Hepliaklqana
Kikubaaqudgha
Makhleb
Nemelex Xobeh
Okawaru
Qazlal
Ru
Sif Muna
Trog
Uskayaw
Vehumet
Wu Jian
Xom
Yredelemnul
Zin
The Shining One


Message History

The water moccasin bites you.
Found a long sword.
You closely miss the water moccasin.
The water moccasin bites you but does no damage.
You barely miss the water moccasin. The water moccasin closely misses you.
The water moccasin bites you but does no damage.
You slice the water moccasin!!
The water moccasin is severely wounded.
The water moccasin bites you but does no damage. x2
You barely miss the water moccasin.
The water moccasin is severely wounded.
The water moccasin bites you but does no damage.
You miss the water moccasin.
The water moccasin is severely wounded.
The water moccasin bites you.
You are poisoned.
The water moccasin poisons you! The water moccasin bites you.
You cut the water moccasin into ribbons!!!
You kill the water moccasin!
You feel very sick.
You closely miss the orc.
You feel very sick. The orc hits you but does no damage.
You barely miss the troll.
You feel sick. The troll bites you! The troll claws you!
The troll claws you but does no damage.
You barely miss the troll.
You feel sick. The troll bites you. The troll completely misses you.
The troll claws you!
You closely miss the troll.
You feel sick. The troll bites you.
* * * LOW HITPOINT WARNING * * *
The troll barely misses you. x2
You closely miss the troll.
You feel sick. The troll bites you!
* * * LOW HITPOINT WARNING * * *
The troll claws you but does no damage. x2
You completely miss the troll.
You feel sick. The troll bites you.
* * * LOW HITPOINT WARNING * * *
The troll claws you but does no damage. The troll claws you.
* * * LOW HITPOINT WARNING * * *
You closely miss the troll.
You feel sick. The troll bites you!
You die...
Your body crumbles into a pile of gold.

#.......................
#.####.....####...##..##
$ ##...##..#...##..#
##.##...#.......#
#.#...##..####### #.
+#.#'.##...# ##...
#...###..)###....###..#.
........8.........##.#..
...###@..###..........#
. #oT#.#'.##.....#..#.
#..K#.#...##......#..
#...##.##...#....#....
#).# ...##.(#....###.#
### ... ####.........
..... ...####### ...##
###.


You could see a troll, a kobold brigand and an orc.

Vanquished Creatures
  Grinder (D:6)
  Edmund (D:6)
  3 water moccasins
  2 sky beasts
  2 black bears
  2 ogres
  A centaur (D:7)
  A kobold brigand (D:6)
  A bullfrog (D:7)
  3 scorpions
  4 killer bees (D:7)
  A howler monkey (D:5)
  A jelly (D:7)
  4 hounds
  6 orc priests
  Crazy Yiuf (D:3)
  6 iguanas
  A sleepcap (D:5)
  3 orc wizards
  12 gnolls
  10 adders
  A shadow imp (D:5)
  A white imp (D:6)
  2 ufetubi
  2 dart slugs (D:1)
  13 orcs
  6 bats
  7 endoplasms
  2 giant cockroaches
  9 goblins
  7 hobgoblins
  3 jackals
  13 kobolds
  3 quokkas
  8 ball pythons
  3 frilled lizards
  7 rats
153 creatures vanquished.

Vanquished Creatures (others)
  An adder (D:6)
1 creature vanquished.

Grand Total: 154 creatures vanquished

Notes
Turn   | Place    | Note
-------+----------+-------------------------------------------
     0 | D:1      | fireball365 the Hill Orc Fighter began the quest for the
                  | Orb.
     0 | D:1      | Reached XP level 1. HP: 19/19 MP: 1/1
   156 | D:1      | Reached XP level 2. HP: 22/26 MP: 2/2
   431 | D:1      | Reached XP level 3. HP: 33/33 MP: 3/3
   993 | D:2      | Found a faded altar of an unknown god.
  1013 | D:2      | Reached skill level 3 in Axes
  1013 | D:2      | Reached XP level 4. HP: 12/40 MP: 4/4
  1534 | D:2      | Found a snail-covered altar of Cheibriados.
  1909 | D:3      | Reached skill level 4 in Axes
  1938 | D:3      | Reached XP level 5. HP: 46/46 MP: 5/5
  2115 | D:3      | Found a runed translucent door.
  2116 | D:3      | Noticed Crazy Yiuf
  2123 | D:3      | Killed Crazy Yiuf
  2474 | D:3      | Reached skill level 5 in Axes
  2599 | D:3      | Reached XP level 6. HP: 52/52 MP: 6/6
  2614 | D:3      | Reached skill level 5 in Armour
  3227 | D:4      | Reached skill level 6 in Axes
  3359 | D:4      | Found a staircase to the Ecumenical Temple.
  3369 | Temple   | Entered the Ecumenical Temple
  3369 | Temple   | Found a transporter.
  3369 | Temple   | Found a transporter.
  3371 | Temple   | Found a transporter.
  3371 | Temple   | Found a transporter.
  3398 | Temple   | Became a worshipper of Gozag Ym Sagoz the Greedy
  3471 | D:4      | Identified the +5 ring mail of Midwinter {*Slow +Inv Int-3
                  | SInv}
  3576 | D:4      | Reached skill level 1 in Dodging
  3744 | D:4      | Reached XP level 7. HP: 49/60 MP: 7/7
  4312 | D:4      | Found a glowing golden altar of the Shining One.
  4555 | D:4      | Found a shimmering altar of Xom.
  4558 | D:4      | Found a glowing silver altar of Zin.
  4561 | D:4      | Found an ancient bone altar of Kikubaaqudgha.
  4719 | D:5      | Entered Level 5 of the Dungeon
  4847 | D:5      | Reached skill level 7 in Axes
  5117 | D:5      | Reached skill level 8 in Axes
  5127 | D:5      | Reached XP level 8. HP: 67/67 MP: 8/8
  5793 | D:6      | Reached skill level 5 in Shields
  5810 | D:6      | Noticed Edmund
  5814 | D:6      | Reached skill level 9 in Axes
  5834 | D:6      | Killed Edmund
  5835 | D:6      | Reached skill level 5 in Fighting
  6475 | D:6      | Noticed Grinder
  6490 | D:6      | Paralysed by Grinder for 5 turns
  6501 | D:6      | Paralysed by Grinder for 5 turns
  6507 | D:6      | Killed Grinder
  6508 | D:6      | Reached skill level 10 in Axes
  6508 | D:6      | Reached XP level 9. HP: 54/75 MP: 9/9
  7341 | D:7      | Found a sparkling altar of Nemelex Xobeh.
  7594 | D:7      | Reached skill level 11 in Axes
  7668 | D:7      | Reached skill level 1 in Stealth
  7677 | D:7      | Noticed a troll
  7690 | D:7      | Slain by a troll

Illustrated notes

Levels and vault maps discovered:
D:1:      dpeg_arrival_rooms_with_view, layout_loops_cross, chequers_big_river
D:2:      minmay_diamond_boxcup, layout_loops_ring, basic_altar,
          ebering_ecumenical_altar_sacrificial
D:3:      layout_loops_ring, uniq_crazy_yiuf_cottage
D:4:      layout_loops_corners, grunt_temple_overflow_diamond, tso_altar,
          lemuel_temple_firewalk_b, kennysheep_generic_room_2
D:5:      layout_rooms, minivault_23, kennysheep_generic_room_11
D:6:      layout_loops_ring, minmay_unpleasant_kobolds, uniq_grinder,
          uniq_edmund
D:7:      cheibrodos_barr_body, layout_loops_corners, nemelex_dance_club_becter,
          serial_shops, shop, shop, minmay_misc_feat_diagonals,
          minmay_tree_intersection, kennysheep_pointless_box, uniq_menkaure
Temple:   hellmonk_temple_divided_pantheon

Skill      XL: |  1  2  3  4  5  6  7  8  9 |
---------------+----------------------------+-----
Armour         | 4 5 6 7 |  7.9
Axes           | 3 4 5 6 8 10 11 | 11.8
Fighting       | 4 5 6 |  6.5
Shields        | 4 5 |  5.3
Dodging        | 1 |  1.9
Stealth        | 1 |  1.0
Evocations     | |  0.2

Action                     |  1- 3 |  4- 6 |  7- 9 || total
---------------------------+-------+-------+-------++-------
  Melee: War axe           |    66 |   186 |   209 ||   461
         Battleaxe         |       |       |    63 ||    63
  Evoke: Wand              |     1 |       |     2 ||     3
    Use: Potion            |     2 |       |     1 ||     3
         Scroll            |       |     5 |    10 ||    15
 Armour: Scale mail        |    25 |   119 |    16 ||   160
         Chain mail        |       |       |   142 ||   142
  Dodge: Dodged            |    30 |   107 |   128 ||   265
  Block: Buckler           |    15 |    44 |    51 ||   110
